 Dungeon Crawl Stone Soup version 0.27-a0-1188-g73eefd5def (webtiles) character file.

Game seed: 16956610442679659734

354 PewDiePie the Chopper (level 6, 0/84 HPs)
             Began as a Minotaur Berserker on May 21, 2021.
             Was a Believer of Trog.
             Slain by an ogre
             ... wielding a +0 giant club
              (15 damage)
             ... on level 5 of the Dungeon.
             The game lasted 00:04:46 (4755 turns).

PewDiePie the Chopper (Minotaur Berserker)          Turns: 4755, Time: 00:04:47

Health: 0/84       AC:  7    Str: 23    XL:     6   Next: 35%
Magic:  5/5        EV: 10    Int:  4    God:    Trog [**....]
Gold:   143        SH:  0    Dex: 10    Spells: 5/5 levels left

rFire    . . .     SeeInvis .   t - +8 mace of the Realm of Zot {vamp, +Blink}
rCold    . . .     Faith    .   (no shield)
rNeg     . . .     Spirit   .   i - +0 scale mail
rPois    .         Reflect  .   (helmet restricted)
rElec    .         Harm     +   j - scarf {harm}
rCorr    .         Rampage  .   (no gloves)
Will     .....                  (no boots)
Stlth    ..........             (no amulet)
HPRegen  0.24/turn              (no ring)
MPRegen  0.09/turn              (no ring)

@: berserking (expiring), lit by a corona, glowing, very quick
A: horns 2, retaliatory headbutt
a: Renounce Religion, Evoke Blink, Berserk, Trog's Hand


You were on level 5 of the Dungeon.
You worshipped Trog.
Trog was pleased with you.
You visited 1 branch of the dungeon, and saw 5 of its levels.

You collected 182 gold pieces.
You spent 39 gold pieces at shops.

Inventory:

Hand Weapons
 a - a +0 hand axe
 t - the +8 mace of the Realm of Zot (weapon) {vamp, +Blink}
   (You found it on level 4 of the Dungeon)

   It inflicts no extra harm, but heals its wielder when it wounds a living foe.
   It lets you blink.
Armour
 b - a +0 animal skin
 i - a +0 scale mail (worn)
 j - a scarf of harm (worn)
Scrolls
 d - 6 scrolls of identify {unknown}
 e - a scroll of blinking {unknown}
 f - a scroll of enchant weapon {unknown}
 h - a scroll of noise {unknown}
 k - 3 scrolls of teleportation
 n - a scroll of fear {unknown}
 q - a scroll of vulnerability {unknown}
 s - a scroll of summoning {unknown}
Potions
 c - a potion of heal wounds {unknown}
 g - 4 potions of curing {unknown}
 l - 2 potions of lignification {unknown}
 m - a potion of invisibility {unknown}
 o - a potion of flight {unknown}
 p - a potion of might {unknown}
 r - a potion of magic {unknown}


   Skills:
 + Level 5.0 Fighting
 + Level 6.2(6.3) Axes
 + Level 0.7(4.0) Maces & Flails
 + Level 4.5 Armour
 + Level 2.8 Dodging
 + Level 0.8 Stealth


You had 5 spell levels left.
You didn't know any spells.
Your spell library was empty.

Dungeon Overview and Level Annotations

Branches:
Dungeon (5/15)
 Temple: D:4-7

Altars:
Gozag
Kikubaaqudgha
Qazlal

Shops:
D:3 ==?:


Innate Abilities, Weirdness & Mutations

You have a pair of horns on your head.
You reflexively headbutt those who attack you in melee.


Message History

You kill the orc!
Trog accepts your kill.
You sock the gnoll!
You feel better.
You kill the gnoll!
Trog accepts your kill. The gnoll barely misses you.
The gnoll shaman hits you but does no damage.
The orc hits you with a +0 dagger. The hound bites you.
You closely miss the gnoll. Your headbutt misses the gnoll.
The gnoll barely misses you. The hound bites you.
The gnoll hits you with a +0 war axe! The orc hits you with a +0 dagger.
The gnoll shaman completely misses you.
You sock the gnoll!
You kill the gnoll!
Trog accepts your kill. The hound barely misses you. You furiously retaliate!
You headbutt the hound. The gnoll hits you but does no damage.
The orc closely misses you.
The gnoll shaman hits you with a +0 club.
The hound bites you. The orc hits you with a +0 hand axe.
The gnoll hits you from afar with a +0 spear.
Items here: )) ? †.
You feel a strong urge to attack something.
The hound bites you but does no damage. The ogre closely misses you.
You furiously retaliate!
You headbutt the ogre! The orc closely misses you. The hound bites you.
The gnoll hits you with a +0 spear.
The gnoll shaman calls down the wrath of its god upon you.
You are outlined in light.
The ogre hits you with a +0 giant club!!
* * * LOW HITPOINT WARNING * * *
The hound bites you but does no damage.
You barely miss the gnoll. The gnoll hits you but does no damage.
The hound bites you but does no damage.
The gnoll shaman hits you with a +0 club.
* * * LOW HITPOINT WARNING * * *
You thump the gnoll!
You feel better.
You kill the gnoll!
Trog accepts your kill. The orc hits you but does no damage.
The hound bites you but does no damage. The ogre hits you with a +0 giant club!
You die...

##.#....##.##
#...#.........
##..#.......#.# .
#.............#..
............>....
#.............#
#...#...o)....#
...##..h@O#
#..##..go##
#..##.#.........
####
#..##.######.##.
..# #<.)).# #.#
####)##.).....
#.###....#########
#..##.#### #.....#


You could see an ogre, a gnoll shaman, a hound and 2 orcs.

Vanquished Creatures
  A scorpion (D:5)
  A howler monkey (D:5)
  A centaur zombie (D:5)
  A hound (D:4)
  8 gnolls
  5 adders
  A dart slug (D:2)
  4 orcs
  2 bats
  5 endoplasms
  A giant cockroach (D:4)
  12 goblins
  11 hobgoblins
  6 jackals
  5 kobolds
  2 quokkas
  3 ball pythons
  3 frilled lizards (D:1)
  3 rats (D:1)
75 creatures vanquished.

Notes
Turn   | Place    | Note
-------+----------+-------------------------------------------
     0 | D:1      | PewDiePie the Minotaur Berserker began the quest for the
                  | Orb.
     0 | D:1      | Reached XP level 1. HP: 19/19 MP: 0/0
   198 | D:1      | Reached skill level 4 in Axes
   198 | D:1      | Reached XP level 2. HP: 27/27 MP: 1/1
   777 | D:1      | Reached XP level 3. HP: 29/33 MP: 2/2
  1304 | D:2      | Found an ancient bone altar of Kikubaaqudgha.
  1526 | D:2      | Reached ** piety under Trog
  2177 | D:3      | Found Kiblodus's Jewellery Shop.
  2182 | D:3      | Found Kelutafo's Magic Scroll Boutique.
  2187 | D:3      | Found a faded altar of an unknown god.
  2190 | D:3      | Bought a scroll of teleportation for 39 gold pieces
  2221 | D:3      | Reached skill level 5 in Axes
  2325 | D:3      | Found Haziurat's Book Emporium.
  2347 | D:3      | Reached XP level 4. HP: 30/41 MP: 3/3
  2639 | D:3      | Found Zurothri's Jewellery Boutique.
  2885 | D:4      | Found a stormy altar of Qazlal.
  2885 | D:4      | Found an opulent altar of Gozag.
  3465 | D:4      | Reached XP level 5. HP: 43/47 MP: 4/4
  4225 | D:4      | Identified the +8 mace of the Realm of Zot {vamp, +Blink}
  4524 | D:5      | Entered Level 5 of the Dungeon
  4590 | D:5      | Reached skill level 6 in Axes
  4590 | D:5      | Reached XP level 6. HP: 36/55 MP: 5/5
  4742 | D:5      | Reached skill level 5 in Fighting
  4753 | D:5      | HP: 4/84 [ogre/+0 giant club (24)]
  4754 | D:5      | HP: 1/84 [gnoll shaman/+0 club (3)]
  4755 | D:5      | Slain by an ogre

Illustrated notes

Levels and vault maps discovered:
D:1:      dpeg_arrival_water_temple_mockup, layout_loops_ring,
          minmay_misc_feat_tiny
D:2:      layout_basic, basic_altar, chequers_serial_rivers_room_b,
          kennysheep_small_spiral
D:3:      layout_loops_ring, basic_ecumenical_altar, serial_shops,
          nicolae_shop_crystal, shop, shop, shop
D:4:      minmay_inner_zag, layout_basic, gammafunk_temple_overflow_pools
D:5:      layout_loops_ring, lemuel_tele_altar, ebering_ghost_disaster_area,
          hangedman_decor_push, kennysheep_generic_room_14

Skill      XL: |  1  2  3  4  5  6 |
---------------+-------------------+-----
Fighting       | 4 5 |  5.0
Axes           | 4 5 6 |  6.2
Armour         | 3 4 |  4.5
Maces & Flails | |  0.7
Dodging        | |  2.8
Stealth        | |  0.8

Action                   |  1- 3 |  4- 6 || total
-------------------------+-------+-------++-------
Melee: Hand axe          |    70 |    50 ||   120
       Headbutt          |     9 |     5 ||    14
       Mace              |       |    23 ||    23
Invok: Berserk           |     1 |     2 ||     3
 Stab: Sleeping          |     1 |       ||     1
Armor: Animal skin       |     4 |       ||     4
       Scale mail        |     6 |    40 ||    46
Dodge: Dodged            |    27 |    56 ||    83

Table legend: (Time is in decaauts)
 A = Elapsed time spent in this place.
 B = Non-inter-level travel time spent in this place.
 C = Inter-level travel time spent in this place.
 D = Time resting spent in this place.
 E = Time spent auto-exploring this place.
 F = Levels seen in this place.
 G = Mean time per level.
                   A        B        C        D        E       F      G
               +--------+--------+--------+--------+--------+-----+--------+
         Total |   4778 |   4778 |      0 |    490 |   3639 |   5 |  955.6 |
       Dungeon |   4778 |   4778 |      0 |    490 |   3639 |   5 |  955.6 |
               +--------+--------+--------+--------+--------+-----+--------+

Top non-repeatable levels by time:
     D:4: 1687 daAuts
     D:1: 1175 daAuts
     D:2: 1016 daAuts
     D:3: 666 daAuts
     D:5: 232 daAuts
